NCAA
PROVIDENCE FRIARS @ TEXAS LONGHORNS
05/29/2027
 
TOP OF THE 1ST
Providence Friars batting - Pitching for Texas Longhorns : RHP Clarence Holmes
Pitching: RHP Clarence Holmes
Batting: LHB Brian Easdale 0-0: Ball
1-0: Foul Ball, location: 2F
1-1: Ground out U3 (Groundball, 3L)
Batting: SHB Esteban Aliaga 0-0: Swinging Strike
0-1: Ball
1-1: Ground out 4-3 (Groundball, 34)
Batting: LHB Javier Morales 0-0: Fly out, F9 (Flyball, 9S)
Top of the 1st over - 0 run(s), 0 hit(s), 0 error(s), 0 left on base; Providence 0 - Texas 0
BOTTOM OF THE 1ST
Texas Longhorns batting - Pitching for Providence Friars : RHP Ricardo Hernández
Pitching: RHP Ricardo Hernández
Batting: LHB Dave Tucker 0-0: SINGLE (Flyball, 9LS)
Batting: RHB John Burton 0-0: Ball
1-0: Called Strike
1-1: Called Strike
1-2: Fly out, F8 (Flyball, 8RM)
Batting: RHB Joe Rogers 0-0: Ball
1-0: Called Strike
Dave Tucker steals 2nd base
1-1: Fly out, F8 (Flyball, 8LS)
Batting: SHB Randy Anderson 0-0: Ball
Wild Pitch!
Dave Tucker to third
1-0: Ball
2-0: Swinging Strike
2-1: Called Strike
2-2: Strikes out swinging
Bottom of the 1st over - 0 run(s), 1 hit(s), 0 error(s), 1 left on base; Providence 0 - Texas 0
TOP OF THE 2ND
Providence Friars batting - Pitching for Texas Longhorns : RHP Clarence Holmes
Batting: RHB Miguel Sánchez 0-0: Ball
1-0: Foul Ball, location: 2F
1-1: Foul Ball, location: 2F
1-2: Foul Ball, location: 2F
1-2: Foul Ball, location: 2F
1-2: Foul Ball, location: 2F
1-2: Foul Ball, location: 2F
1-2: Ball
2-2: SINGLE (Flyball, 9S)
Batting: SHB Will Davies 0-0: Ball
1-0: Foul Ball, location: 2F
1-1: Ball
2-1: Ball
3-1: Foul Ball, location: 2F
3-2: Foul Ball, location: 2F
3-2: Strikes out looking
Batting: RHB Roger Tucker 0-0: Ball
1-0: Foul Ball, location: 2F
1-1: Swinging Strike
1-2: Ball
2-2: Strikes out swinging
Batting: RHB Gonzalo García 0-0: Called Strike
0-1: Ball
1-1: Ball
2-1: Ball
3-1: Called Strike
3-2: Strikes out looking
Top of the 2nd over - 0 run(s), 1 hit(s), 0 error(s), 1 left on base; Providence 0 - Texas 0
BOTTOM OF THE 2ND
Texas Longhorns batting - Pitching for Providence Friars : RHP Ricardo Hernández
Batting: LHB Germán Díaz 0-0: Ball
1-0: Ground out 3-1 (Groundball, 34)
Batting: RHB José Wills 0-0: Called Strike
0-1: Called Strike
0-2: Fly out, F9 (Flyball, 9)
Batting: LHB Arlen Powers 0-0: Ball
1-0: Ball
2-0: SINGLE (Groundball, 3S) (infield hit)
Batting: RHB Bob Cooper 0-0: Ball
1-0: Swinging Strike
1-1: Foul Ball, location: 2F
1-2: Ball
2-2: Ball
3-2: Strikes out swinging
Bottom of the 2nd over - 0 run(s), 1 hit(s), 0 error(s), 1 left on base; Providence 0 - Texas 0
TOP OF THE 3RD
Providence Friars batting - Pitching for Texas Longhorns : RHP Clarence Holmes
Batting: RHB Gustavo Todd 0-0: SOLO HOME RUN (Flyball, 7LD), Distance : 339 ft
Batting: RHB Marcus Pittman 0-0: Ball
1-0: Ball
2-0: Foul Ball, location: 2F
2-1: Foul Ball, location: 2F
2-2: Ball
3-2: Ground out 4-3 (Groundball, 4D)
Batting: LHB Brian Easdale 0-0: Called Strike
0-1: Foul Ball, location: 2F
0-2: Foul Ball, location: 2F
0-2: Ball
1-2: Foul Ball, location: 2F
1-2: SINGLE (Groundball, 6MS) (infield hit)
Batting: SHB Esteban Aliaga 0-0: Called Strike
0-1: Fly out, F9 (Line Drive, 9)
Batting: LHB Javier Morales 0-0: Ball
1-0: Swinging Strike
1-1: Fly out, F8 (Line Drive, 8RM)
Top of the 3rd over - 1 run(s), 2 hit(s), 0 error(s), 1 left on base; Providence 1 - Texas 0
BOTTOM OF THE 3RD
Texas Longhorns batting - Pitching for Providence Friars : RHP Ricardo Hernández
Batting: SHB Dave Hickman 0-0: SINGLE (Line Drive, 9S)
Batting: LHB Dave Tucker 0-0: Foul Ball, location: 2F
0-1: Ball
1-1: DOUBLE (Line Drive, 9LM)
Dave Hickman to third
Runner from 3rd tries for Home, SAFE, no throw
Batting: RHB John Burton 0-0: Called Strike
0-1: Ball
1-1: Swinging Strike
1-2: Ball
2-2: Ball
3-2: Foul Ball, location: 2F
3-2: SINGLE (Groundball, 6MD)
Dave Tucker to third
Runner from 3rd tries for Home, SAFE, no throw
Batting: RHB Joe Rogers 0-0: Called Strike
0-1: Ground out 5-3 (Groundball, 56S)
John Burton to second
Batting: SHB Randy Anderson 0-0: Called Strike
0-1: Ball
1-1: Foul Ball, location: 2F
1-2: Fly out, F4 (Line Drive, 4)
Batting: LHB Germán Díaz 0-0: Called Strike
0-1: Ball
1-1: Ball
2-1: Ball
3-1: Base on Balls
Batting: RHB José Wills 0-0: Ball
1-0: Swinging Strike
1-1: Fly out, F8 (Flyball, 8LM)
Bottom of the 3rd over - 2 run(s), 3 hit(s), 0 error(s), 2 left on base; Providence 1 - Texas 2
TOP OF THE 4TH
Providence Friars batting - Pitching for Texas Longhorns : RHP Clarence Holmes
Batting: RHB Miguel Sánchez 0-0: Ball
1-0: Fly out, F3 (Popup, 3L)
Batting: SHB Will Davies 0-0: Ball
1-0: Ball
2-0: Foul Ball, location: 2F
2-1: Ball
3-1: Base on Balls
Batting: RHB Roger Tucker 0-0: Called Strike
0-1: Ball
1-1: Ball
Balk!
Will Davies to second
2-1: Ball
3-1: Swinging Strike
3-2: SINGLE (Line Drive, 6D)
Will Davies to third
Runner from 3rd tries for Home, SAFE, no throw
Batting: RHB Gonzalo García 0-0: Ball
1-0: Called Strike
1-1: Ball
2-1: Swinging Strike
2-2: Ball
3-2: Base on Balls
Roger Tucker to second
Batting: RHB Gustavo Todd 0-0: Foul Ball, location: 2F
0-1: Swinging Strike
0-2: Ball
1-2: SINGLE (Line Drive, 56D)
Roger Tucker to third
Gonzalo García to second
Runner from 3rd tries for Home, SAFE, no throw
Batting: RHB Marcus Pittman 0-0: Foul Ball, location: 2F
0-1: Called Strike
0-2: Fly out, F9 (Flyball, 89M)
Batting: LHB Brian Easdale 0-0: Ball
1-0: Ground out U3 (Groundball, 34)
Top of the 4th over - 2 run(s), 2 hit(s), 0 error(s), 2 left on base; Providence 3 - Texas 2
BOTTOM OF THE 4TH
Texas Longhorns batting - Pitching for Providence Friars : RHP Ricardo Hernández
Batting: LHB Arlen Powers 0-0: Foul Ball, location: 2F
0-1: Swinging Strike
0-2: Foul Ball, location: 2F
0-2: Strikes out swinging
Batting: RHB Bob Cooper 0-0: Swinging Strike
0-1: Ball
1-1: Swinging Strike
1-2: Strikes out swinging
Batting: SHB Dave Hickman 0-0: SINGLE (Groundball, 34D)
Batting: LHB Dave Tucker 0-0: Ball
1-0: Ball
2-0: Ball
3-0: Base on Balls
Dave Hickman to second
Batting: RHB John Burton 0-0: Ball
1-0: Ball
2-0: Foul Ball, location: 2F
2-1: Foul Ball, location: 2F
2-2: Ball
3-2: Reached on error, E5 (Groundball, 56)
Dave Hickman to third
Dave Tucker to second
Batting: RHB Joe Rogers 0-0: Foul Ball, location: 2F
0-1: Ball
1-1: Fly out, F5 (Popup, 56)
Bottom of the 4th over - 0 run(s), 1 hit(s), 1 error(s), 3 left on base; Providence 3 - Texas 2
TOP OF THE 5TH
Providence Friars batting - Pitching for Texas Longhorns : RHP Clarence Holmes
Pitching: RHP Terry Mendoza
Batting: SHB Esteban Aliaga 0-0: Swinging Strike
0-1: Called Strike
0-2: Foul Ball, location: 2F
0-2: Ball
1-2: Foul Ball, location: 2F
1-2: Ball
2-2: Ball
3-2: Base on Balls
Batting: LHB Javier Morales 0-0: Called Strike
0-1: Ball
1-1: Called Strike
1-2: Ball
2-2: Foul Ball, location: 2F
2-2: Strikes out swinging
Batting: RHB Miguel Sánchez 0-0: Ball
1-0: SINGLE (Line Drive, 4D)
Esteban Aliaga to second
Runner from 2nd tries for 3rd, SAFE, no throw
Batting: SHB Will Davies 0-0: Called Strike
0-1: Called Strike
0-2: Strikes out looking
Batting: RHB Roger Tucker 0-0: Foul Ball, location: 2F
0-1: Swinging Strike
0-2: Fielders Choice at 2nd, 6-4 (Groundball, 6)
Top of the 5th over - 0 run(s), 1 hit(s), 0 error(s), 1 left on base; Providence 3 - Texas 2
BOTTOM OF THE 5TH
Texas Longhorns batting - Pitching for Providence Friars : RHP Ricardo Hernández
Batting: SHB Randy Anderson 0-0: Called Strike
0-1: Foul Ball, location: 2F
0-2: Ball
1-2: Hit by Pitch
Batting: LHB Germán Díaz 0-0: Ball
1-0: Called Strike
1-1: Ball
2-1: SINGLE (Flyball, 7S)
Randy Anderson to second
Pitching: RHP Enrico Velázquez
Batting: RHB José Wills 0-0: Grounds into double play, 3-6-4 (Groundball, 34)
Randy Anderson to third
Batting: LHB Arlen Powers 0-0: Ball
1-0: Swinging Strike
1-1: Ground out 3-1 (Groundball, 34)
Bottom of the 5th over - 0 run(s), 1 hit(s), 0 error(s), 1 left on base; Providence 3 - Texas 2
TOP OF THE 6TH
Providence Friars batting - Pitching for Texas Longhorns : RHP Terry Mendoza
Batting: RHB Gonzalo García 0-0: Ground out 1-3 (Groundball, 13S)
Batting: RHB Gustavo Todd 0-0: Ball
1-0: Ball
2-0: Foul Ball, location: 2F
2-1: SOLO HOME RUN (Flyball, 7D), Distance : 350 ft
Batting: RHB Marcus Pittman 0-0: Called Strike
0-1: Foul Ball, location: 2F
0-2: Ball
1-2: Strikes out swinging
Batting: LHB Brian Easdale 0-0: Called Strike
0-1: Swinging Strike
0-2: Ball
1-2: Foul Ball, location: 2F
1-2: Foul Ball, location: 2F
1-2: Strikes out swinging
Top of the 6th over - 1 run(s), 1 hit(s), 0 error(s), 0 left on base; Providence 4 - Texas 2
BOTTOM OF THE 6TH
Texas Longhorns batting - Pitching for Providence Friars : RHP Enrico Velázquez
Batting: RHB Bob Cooper 0-0: Ground out 5-3 (Groundball, 56)
Batting: SHB Dave Hickman 0-0: Ball
1-0: Foul Ball, location: 2F
1-1: Ball
2-1: Foul Ball, location: 2F
2-2: Ball
3-2: Base on Balls
Batting: LHB Dave Tucker 0-0: Called Strike
0-1: Ball
1-1: Ball
2-1: Ball
3-1: Called Strike
3-2: Fly out, F9 (Flyball, 9LDF)
Batting: RHB John Burton 0-0: Called Strike
0-1: Foul Ball, location: 2F
0-2: Ball
1-2: Strikes out looking
Bottom of the 6th over - 0 run(s), 0 hit(s), 0 error(s), 1 left on base; Providence 4 - Texas 2
TOP OF THE 7TH
Providence Friars batting - Pitching for Texas Longhorns : RHP Terry Mendoza
Batting: SHB Esteban Aliaga 0-0: Swinging Strike
0-1: Hit by Pitch
Batting: LHB Javier Morales 0-0: Called Strike
Esteban Aliaga is caught stealing 2nd base
0-1: Fly out, F7 (Flyball, 7S)
Batting: RHB Miguel Sánchez 0-0: Ball
1-0: Ball
2-0: Foul Ball, location: 2F
2-1: Foul Ball, location: 2F
2-2: Fly out, F9 (Flyball, 9S)
Top of the 7th over - 0 run(s), 0 hit(s), 0 error(s), 0 left on base; Providence 4 - Texas 2
BOTTOM OF THE 7TH
Texas Longhorns batting - Pitching for Providence Friars : RHP Enrico Velázquez
Batting: RHB Joe Rogers 0-0: Foul Ball, location: 2F
0-1: Ball
1-1: Foul Ball, location: 2F
1-2: Strikes out swinging
Batting: SHB Randy Anderson 0-0: Ball
1-0: Ball
2-0: Foul Ball, location: 2F
2-1: Ball
3-1: Foul Ball, location: 2F
3-2: Foul Ball, location: 2F
3-2: Foul Ball, location: 2F
3-2: Strikes out swinging
Batting: LHB Germán Díaz 0-0: Ball
1-0: Ground out 4-3 (Groundball, 4M)
Bottom of the 7th over - 0 run(s), 0 hit(s), 0 error(s), 0 left on base; Providence 4 - Texas 2
TOP OF THE 8TH
Providence Friars batting - Pitching for Texas Longhorns : RHP Terry Mendoza
Batting: SHB Will Davies 0-0: Ball
1-0: Ball
2-0: Single, Error in OF, E7, batter to second base
Batting: RHB Roger Tucker 0-0: Swinging Strike
0-1: Foul Ball, location: 2F
0-2: SINGLE (Groundball, 34D)
Will Davies to third
Batting: RHB Gonzalo García 0-0: Ball
1-0: SINGLE (Groundball, 6D)
Will Davies scores
Roger Tucker to second
Pitching: LHP John Case
Batting: RHB Gustavo Todd 0-0: Bunted foul
0-1: Bunted foul
0-2: Ball
1-2: Ball
2-2: Ball
3-2: Base on Balls
Roger Tucker to third
Gonzalo García to second
Batting: RHB Marcus Pittman 0-0: Ball
1-0: Ball
2-0: Ball
3-0: Called Strike
3-1: Base on Balls
Roger Tucker scores
Gonzalo García to third
Gustavo Todd to second
Batting: LHB Brian Easdale 0-0: Called Strike
0-1: Ball
1-1: Ball
2-1: Called Strike
2-2: Fly out, F7 (Flyball, 78D)
Runner from 3rd tags up, SCORES, no throw
Batting: SHB Esteban Aliaga 0-0: Called Strike
0-1: Fielders Choice at 2nd, 1-6 (Groundball, 13)
Gustavo Todd to third
Batting: LHB Javier Morales 0-0: Foul Ball, location: 2F
0-1: Ball
1-1: Foul Ball, location: 2F
1-2: Strikes out looking
Top of the 8th over - 3 run(s), 3 hit(s), 1 error(s), 2 left on base; Providence 7 - Texas 2
BOTTOM OF THE 8TH
Texas Longhorns batting - Pitching for Providence Friars : RHP Enrico Velázquez
Now at C: Daniel Riddle
Batting: RHB José Wills 0-0: Ball
1-0: Foul Ball, location: 2F
1-1: Ground out 6-3 (Groundball, 6)
Batting: LHB Arlen Powers 0-0: Called Strike
0-1: Foul Ball, location: 2F
0-2: SINGLE (Flyball, 8RS)
Batting: RHB Bob Cooper 0-0: Foul Ball, location: 2F
0-1: Ball
1-1: Ball
2-1: Ball
3-1: Base on Balls
Arlen Powers to second
Batting: SHB Dave Hickman 0-0: Grounds into double play, 3-6-3 (Groundball, 34)
Bottom of the 8th over - 0 run(s), 1 hit(s), 0 error(s), 1 left on base; Providence 7 - Texas 2
TOP OF THE 9TH
Providence Friars batting - Pitching for Texas Longhorns : LHP John Case
Batting: RHB Miguel Sánchez 0-0: Ball
1-0: Ball
2-0: Fly out, F5 (Popup, 5S)
Batting: SHB Will Davies 0-0: Ball
1-0: SINGLE (Flyball, 56D)
Batting: RHB Roger Tucker 0-0: Ball
1-0: Ball
Will Davies steals 2nd base
2-0: Ball
3-0: Base on Balls
Batting: RHB Gonzalo García 0-0: Ball
1-0: Ball
2-0: Called Strike
2-1: Foul Ball, location: 2F
2-2: Strikes out swinging
Batting: RHB Gustavo Todd 0-0: Ball
1-0: Foul Ball, location: 2F
1-1: Ball
2-1: Ball
3-1: Base on Balls
Will Davies to third
Roger Tucker to second
Batting: RHB Daniel Riddle 0-0: Foul Ball, location: 2F
0-1: Foul Ball, location: 2F
0-2: Ball
1-2: Ball
2-2: Ball
3-2: Base on Balls
Will Davies scores
Roger Tucker to third
Gustavo Todd to second
Batting: LHB Brian Easdale 0-0: Ball
1-0: Ball
2-0: Foul Ball, location: 2F
2-1: SINGLE (Line Drive, 4M)
Roger Tucker scores
Gustavo Todd to third
Daniel Riddle to second
Runner from 3rd tries for Home, SAFE, no throw
Pitching: RHP Collin Thompson
Batting: SHB Esteban Aliaga 0-0: Foul Ball, location: 2F
0-1: Ball
1-1: SINGLE (Flyball, 7S)
Daniel Riddle to third
Brian Easdale to second
Batting: LHB Javier Morales 0-0: Ball
1-0: Fly out, F8 (Line Drive, 8RXD)
Top of the 9th over - 3 run(s), 3 hit(s), 0 error(s), 3 left on base; Providence 10 - Texas 2
BOTTOM OF THE 9TH
Texas Longhorns batting - Pitching for Providence Friars : RHP Enrico Velázquez
Batting: LHB Dave Tucker 0-0: Fly out, F4 (Line Drive, 4)
Batting: RHB John Burton 0-0: Foul Ball, location: 2F
0-1: Ball
1-1: Foul Ball, location: 2F
1-2: SINGLE (Line Drive, 6D)
Pitching: LHP Richard Morgan
Batting: RHB Joe Rogers 0-0: Foul Ball, location: 2F
0-1: Foul Ball, location: 2F
0-2: Strikes out swinging
Batting: SHB Randy Anderson 0-0: Swinging Strike
0-1: Foul Ball, location: 2F
0-2: Ball
1-2: Fly out, F7 (Flyball, 78M)
Bottom of the 9th over - 0 run(s), 1 hit(s), 0 error(s), 1 left on base; Providence 10 - Texas 2
Thursday, March 30th, 2017 - OOTP Baseball 17.12 Build 75